 Dungeon Crawl Stone Soup version 0.18.1-50-g88ac8fd (webtiles) character file.

78 KarmaPolice the Poker (level 4, 0/35 HPs)
             Began as a Merfolk Gladiator on Sept 27, 2016.
             Slain by Terence
             ... wielding a +5 short sword of draining
              (5 damage)
             ... on level 2 of the Dungeon.
             The game lasted 00:02:33 (1494 turns).

KarmaPolice the Poker (Merfolk Gladiator)           Turns: 1494, Time: 00:02:33

Health: 0/35       AC:  4    Str: 16    XL:     4   Next: 36%
Magic:  4/4        EV: 13    Int:  7    God:
Gold:   71         SH:  0    Dex: 14    Spells: 0 memorised, 3 levels left

rFire  . . .     SeeInvis .     a - +0 trident
rCold  . . .     Gourm    .     b - +0 leather armour
rNeg   . . .     Faith    .     (no shield)
rPois  .         Spirit   .     c - +0 helmet
rElec  .         Dismiss  .     (no cloak)
rCorr  .         Reflect  .     (no gloves)
SustAt .         Harm     .     (no boots)
MR     .....                    (no amulet)
Stlth  +.........               (no ring)
                                (no ring)

@: slowed, drained, very slow, not resistant to hostile enchantments, very
unstealthy
A: change form in water, swift swim
a: no special abilities


You were on level 2 of the Dungeon.
You were not hungry.

You visited 1 branch of the dungeon, and saw 2 of its levels.

You collected 71 gold pieces.

Inventory:

Hand Weapons
 a - a +0 trident (weapon)
Missiles
 d - 3 throwing nets (quivered)
Armour
 b - a +0 leather armour (worn)
 c - a +0 helmet (worn)
Scrolls
 g - a scroll of fog {unknown}
 i - a scroll of recharging {unknown}
 j - 2 scrolls of identify {unknown}
Potions
 e - a potion of agility {unknown}
 h - 2 potions of magic {unknown}
 k - a potion of lignification {unknown}
 n - a potion of brilliance {unknown}
Comestibles
 f - 2 bread rations
 l - a meat ration
 m - 2 chunks of flesh


   Skills:
 + Level 3.1(2.2) Fighting
 + Level 5.8(4.9) Polearms
 - Level 2.0(1.1) Throwing
 + Level 1.3(0.5) Armour
 - Level 4.0(3.1) Dodging


You had 3 spell levels left.
You didn't know any spells.

Dungeon Overview and Level Annotations

Branches:
Dungeon (2/15)

Altars:

Annotations:
D:2 Terence


Message History

You hit Natasha.
You kill Natasha!
Natasha screams in fury as she dies!
Your Fighting skill increases to level 3!
You have reached level 4!
The shadow imp disappears in a puff of smoke!
The crimson imp disappears in a puff of smoke!
Terence shouts!
Found a leather armour.
Terence looks scornfully at you.
Terence hits you with a short sword of draining.
You feel drained. Terence barely misses you.
Terence hits you with a short sword of draining.
You feel drained. Terence misses you.
Terence hits you with a short sword of draining!
* * * LOW HITPOINT WARNING * * *
You feel drained.
You die...

#####.#######.####...........
#................'...........
#.###.........####...........
#...#.....................<..
###@#.........###............
#.#.........# #............
##.#.........# #............
..................#
#............
###............@@.#
...........#
#......####..##.# ...........
#......# #..##.# .........#
........# #..##.# ......
.........# #..##.# #####
...[.....#####.##.###...
.........##.....#
########.##.....# #..#.....#
#.


You could see Terence.

Vanquished Creatures
  Natasha (D:2)
  2 adders (D:2)
  An ooze (D:1)
  A dart slug (D:1)
  5 bats
  3 giant cockroaches (D:1)
  6 goblins
  2 jackals
  A quokka (D:2)
  2 giant newts
  4 kobolds (D:1)
  A rat (D:1)
29 creatures vanquished.

Notes
Turn   | Place    | Note
--------------------------------------------------------------
     0 | D:1      | KarmaPolice the Merfolk Gladiator began the quest for the Orb.
     0 | D:1      | Reached XP level 1. HP: 16/16 MP: 1/1
   289 | D:1      | Reached skill level 5 in Polearms
   289 | D:1      | Reached XP level 2. HP: 12/22 MP: 2/2
   991 | D:2      | Reached XP level 3. HP: 22/28 MP: 3/3
  1154 | D:2      | Noticed Natasha
  1154 | D:2      | Noticed Terence
  1264 | D:2      | Reached skill level 1 in Armour
  1478 | D:2      | Killed Natasha
  1478 | D:2      | Reached XP level 4. HP: 22/35 MP: 4/4
  1494 | D:2      | Slain by Terence

Skill      XL: |  1  2  3 |
---------------+----------+-----
Polearms       | 5 |  5.8
Armour         | 1 |  1.3
Fighting       | 3 |  3.1
Throwing       | |  2.0
Dodging        | |  4.0

Action                   |  1- 3 |  4- 6 || total
-------------------------+-------+-------++-------
Melee: Trident           |   109 |       ||   109
 Stab: Sleeping          |     2 |       ||     2
  Eat: Chunk             |     2 |       ||     2
Armor: Leather armour    |    28 |       ||    28
Dodge: Dodged            |    81 |     2 ||    83
